 Dungeon Crawl Stone Soup version 0.31-a0-496-g6f97920a28 (webtiles) character file.

Game seed: 3080420326870438147

14674 Edyrem the Skirmisher (level 12, -10/68 HPs)
             Began as a Tengu Hunter on Aug 8, 2023.
             Was a Priest of Hepliaklqana.
             Killed from afar by a fire dragon (39 damage)
             ... with a blast of flame
             ... in a volcano.
             The game lasted 00:24:58 (6683 turns).

Edyrem the Skirmisher (Tengu Hunter)                Turns: 6683, Time: 00:24:59

Health: -10/68     AC:  8    Str: 14    XL:     12   Next: 19%
Magic:  13/13      EV: 27    Int:  7    God:    Hepliaklqana [***...]
Gold:   162        SH:  0    Dex: 31    Spells: 11/11 levels left

rFire   . . .        a - +9 sling of the Distant Future {heavy, Dex+3}
rCold   . . .        (no shield)
rNeg    + . .        F - +1 leather armour "Bock" {Int-2 Dex+7}
rPois   .            (helmet restricted)
rElec   .            A - +0 cloak
rCorr   .            y - +0 pair of gloves
SInv    .            (boots unavailable)
Will    .....        i - amulet of regeneration
Stlth   ++           u - ring of positive energy
HPRegen 1.11/turn    (no ring)
MPRegen 0.13/turn

%: no passive effects
@: flying quickly and evasively, quick
A: reduced essence, beak, talons 3, nimble flight
a: Renounce Religion, Recall Ancestor, Ancestor Identity, Transference


You were in a volcano.
You worshipped Hepliaklqana.
Hepliaklqana was most pleased with you.
You visited 3 branches of the dungeon, and saw 11 of its levels.
You also visited: Volcano.

You collected 393 gold pieces.
You spent 231 gold pieces at shops.

Inventory:

Hand Weapons
 a - the +9 sling of the Distant Future (weapon) {heavy, Dex+3}
   (You found it on level 2 of the Dungeon)

   Dex:       It affects your dexterity (+3).
 b - a +0 dagger
 c - a +1 orcbow of chaos
 l - a +0 shortbow
 G - a -1 demon whip of venom
Armour
 x - a +2 robe of willpower
 y - a +0 pair of gloves (worn)
 A - a +0 cloak (worn)
 E - +0 steam dragon scales
 F - the +1 leather armour "Bock" (worn) {Int-2 Dex+7}
   (You bought it in a shop on level 8 of the Dungeon)

   Int:       It affects your intelligence (-2).
   Dex:       It affects your dexterity (+7).
Jewellery
 i - an amulet of regeneration (around neck)
 u - a ring of positive energy (left hand)
Talismans
 o - a serpent talisman
Wands
 d - a wand of flame (36)
 n - a wand of charming (20)
 r - a wand of light (2)
Scrolls
 e - a scroll of butterflies
 j - a scroll of enchant armour
 k - 7 scrolls of teleportation
 m - 3 scrolls of amnesia
 s - a scroll of fog
 w - 2 scrolls of poison
Potions
 f - 5 potions of mutation
 g - a potion of berserk rage {unknown}
 h - a potion of ambrosia {unknown}
 p - 5 potions of haste
 q - a potion of brilliance {unknown}
 t - 2 potions of curing {@q2}
 v - a potion of might {unknown}
 z - 4 potions of enlightenment
 B - a potion of degeneration {unknown}
 C - a potion of cancellation {unknown}


   Skills:
 + Level 9.1 Fighting
 * Level 14.0 Ranged Weapons
 + Level 9.5 Armour
 + Level 9.9 Dodging
 - Level 1.0 Stealth


You had 11 spell levels left.
You didn't know any spells.
Your spell library contained the following spells:

 Spells                   Type           Power      Damage    Failure   Level
 Poisonous Vapours        Pois/Air       0%         N/A       63%         2
 Scorch                   Fire           0%         2d5       63%         2
 Mephitic Cloud           Conj/Pois/Air  0%         N/A       86%         3
 Flame Wave               Conj/Fire      0%         2d4       99%         4
 Manifold Assault         Tloc           0%         N/A       99%         4
 Freezing Cloud           Conj/Ice/Air   0%         6-21      100%        5
 Summon Forest            Summ/Tloc      0%         N/A       100%        5
 Summon Mana Viper        Hex/Summ       0%         N/A       100%        5
 Dispersal                Tloc           0%         N/A       100%        6
 Summon Cactus Giant      Summ           0%         N/A       100%        6
 Disjunction              Tloc           0%         N/A       100%        8


Dungeon Overview and Level Annotations

Branches:
Dungeon (8/15)             Temple (1/1) D:4            Lair (2/5) D:8
Volcano (1/1)
  Swamp: Lair:2-3    Shoals: Lair:2-3     Snake: Lair:2-3    Spider: Lair:2-3

Altars:
Ashenzari
Cheibriados
Dithmenos
Elyvilon
Fedhas
Gozag
Hepliaklqana
Kikubaaqudgha
Makhleb
Nemelex Xobeh
Okawaru
Qazlal
Ru
Trog
Uskayaw
Vehumet
Wu Jian
Xom
Yredelemnul
Zin
The Shining One

Shops:
D:5 *   D:7 :   D:8 [((

Annotations:
Lair:1 1 runed translucent door, Ofeo's ghost, journeyman DrSh


Innate Abilities, Weirdness & Mutations

Your life essence is reduced to manifest your ancestor. (-10% HP)
You have a beak for a mouth.
You have claws for feet.
Your magical nature lets you fly swiftly and evasively.


Message History

Your attack snaps the fire dragon out of its fear.
The fire dragon is moderately wounded.
Fire: a) +9 sling of the Distant Future {heavy, Dex+3}
Press: ? - help, Q - select action, (/) - cycle Shift-Dir - straight line, f/p - fire dragon
Aim: a fire dragon (black smoke, lava, moderately wounded, ally target, 82% to hit)
You shoot a sling bullet. Iltani avoids your attack.
The sling bullet hits the fire dragon!
The fire dragon is moderately wounded.
Iltani hits the fire dragon with a +0 flail!
The fire dragon breathes flames at you.
The blast of flame hits Iltani!
Iltani resists.
The blast of flame misses you.
Fire: a) +9 sling of the Distant Future {heavy, Dex+3}
Press: ? - help, Q - select action, (/) - cycle Shift-Dir - straight line, f/p - fire dragon
Aim: a fire dragon (lava, heavily wounded, catching its breath, ally target, 82% to hit)
You shoot a sling bullet. Iltani avoids your attack.
The sling bullet hits the fire dragon!
The fire dragon is heavily wounded.
Iltani hits the fire dragon with a +0 flail!
The fire dragon bites Iltani but does no damage.
Iltani blocks the fire dragon's attack.
The fire dragon tramples Iltani but does no damage.
The fire dragon bites Iltani!
The fire dragon claws Iltani but does no damage.
Iltani blocks the fire dragon's attack.
Iltani hits the fire dragon with a +0 flail!
The fire dragon bites Iltani but does no damage.
Iltani blocks the fire dragon's attack.
The fire dragon barely misses Iltani.
Iltani barely misses the fire dragon.
The fire dragon bites Iltani but does no damage.
Iltani blocks the fire dragon's attack.
The fire dragon tramples Iltani!
Iltani is shoved backwards!
The fire dragon breathes flames at you.
The blast of flame hits Iltani!
Iltani resists.
Iltani is destroyed!
The blast of flame hits you!!!
Ouch! That really hurt!
You die...

#..≈#.##§.##
#§§.........##
##..≈.#####
##§§#........#
#..#.#
#######....§.
##...# ####....§
#...## 8[# ##.§..
##..§## ...) #§...
#....######## .§§§?
##..§
##.§§§..8..8#§.≈§§.
#...
##..§§..@..'.D§≈§.
####
##.§......'..≈≈≈.
##.
##...8..8#..≈≈§.
##..
#########...≈.[
#∩.∩ ....! ##..
#.8[# ##. #### ##


You could see a fire dragon (catching breath).

Vanquished Creatures
  4 sun demons (Volcano)
  Pikel (D:5)
  An orange demon (Lair:1)
  A cane toad (Lair:2)
  A torpor snail (Lair:1)
  A smoke demon (Volcano)
  A komodo dragon (D:8)
  A hornet (D:8)
  2 dream sheep (Lair:1)
  4 blink frogs (Lair:1)
  A wyvern (Lair:1)
  14 yaks
  3 vampire mosquitoes (Lair:1)
  4 humans (D:6)
  2 steam dragons (Volcano)
  4 water moccasins
  A hell hound (Volcano)
  3 swamp drakes (Lair:1)
  2 ice beasts
  An ogre (D:5)
  2 black bears
  2 centaurs
  3 wolves (Lair:2)
  3 lemures (D:5)
  2 phantoms (D:5)
  Blork the orc (D:5)
  2 bullfrogs (D:8)
  A kobold brigand (D:8)
  3 scorpions
  3 killer bees (D:8)
  2 howler monkeys
  A hound (D:6)
  Crazy Yiuf (D:6)
  2 gnoll boudas (D:5)
  An orc priest (D:6)
  Ijyb (D:5)
  Terence (D:2)
  2 iguanas
  2 orc wizards
  9 gnolls (D:5)
  8 adders
  2 shadow imps
  3 worms
  A dart slug (D:1)
  12 orcs
  3 ball pythons
  8 endoplasms
  6 giant cockroaches
  9 goblins
  3 hobgoblins
  6 quokkas
  4 bats
  4 frilled lizards
  9 kobolds
  5 rats
179 creatures vanquished.

Vanquished Creatures (collateral kills)
  Nergalle (Lair:1)
  Amaemon (Lair:1)
  2 blink frogs (Lair:1)
  Grinder (D:6)
  Sigmund (D:5)
  2 yaks
  2 humans (D:6)
  A steam dragon (Volcano)
  A vampire mosquito (Lair:1)
  A water moccasin (Lair:1)
  An ice beast (D:7)
  A black bear (D:8)
  A killer bee (D:8)
  A howler monkey (D:8)
  An orc wizard (D:6)
18 creatures vanquished.

Vanquished Creatures (others)
  2 knights
  An ancestor (D:6)
3 creatures vanquished.

Grand Total: 200 creatures vanquished

Notes
Turn   | Place    | Note
-------+----------+-------------------------------------------
     0 | D:1      | Edyrem the Tengu Hunter began the quest for the Orb.
     0 | D:1      | Reached XP level 1. HP: 12/12 MP: 2/2
    89 | D:1      | Reached XP level 2. HP: 17/17 MP: 3/3
   622 | D:1      | Reached XP level 3. HP: 22/22 MP: 4/4
   794 | D:2      | Reached skill level 5 in Ranged Weapons
   858 | D:2      | Identified the +9 sling of the Distant Future {heavy,
                  | Dex+3}
  1003 | D:2      | Noticed Terence
  1007 | D:2      | Killed Terence
  1008 | D:2      | Reached skill level 1 in Armour
  1008 | D:2      | Reached XP level 4. HP: 27/27 MP: 5/5
  1836 | D:3      | Found a bloodstained altar of Trog.
  1836 | D:3      | Found a shimmering altar of Xom.
  2009 | D:4      | Gained mutation: Your magical nature lets you fly swiftly
                  | and evasively. [Tengu growth]
  2009 | D:4      | Reached XP level 5. HP: 32/32 MP: 6/6
  2037 | D:4      | Found a staircase to the Ecumenical Temple.
  2043 | Temple   | Entered the Ecumenical Temple
  2059 | Temple   | Became a worshipper of Hepliaklqana the Forgotten
  2101 | D:4      | Found a sparkling altar of Nemelex Xobeh.
  2357 | D:4      | Found a glowing silver altar of Zin.
  2622 | D:5      | Entered Level 5 of the Dungeon
  2622 | D:5      | Noticed a phantom
  2630 | D:5      | Killed a phantom
  2631 | D:5      | Reached skill level 6 in Ranged Weapons
  2631 | D:5      | Reached XP level 6. HP: 35/37 MP: 7/7
  2678 | D:5      | Noticed Ijyb
  2683 | D:5      | Killed Ijyb
  2684 | D:5      | Reached XP level 7. HP: 42/42 MP: 8/8
  2710 | D:5      | Noticed Sigmund
  2715 | D:5      | Killed Sigmund
  2716 | D:5      | Reached skill level 7 in Ranged Weapons
  2731 | D:5      | Noticed Blork the orc
  2734 | D:5      | Killed Blork the orc
  2778 | D:5      | Noticed Pikel
  2805 | D:5      | Killed Pikel
  2806 | D:5      | Reached skill level 8 in Ranged Weapons
  2806 | D:5      | Reached skill level 5 in Dodging
  2806 | D:5      | Reached XP level 8. HP: 41/48 MP: 9/9
  2839 | D:5      | Found a broken altar of Ashenzari.
  2886 | D:5      | Found Karphyf's Assorted Antiques.
  2950 | D:5      | Found a basalt altar of Yredelemnul.
  2996 | D:5      | Reached skill level 5 in Fighting
  3133 | D:6      | Reached * piety under Hepliaklqana
  3244 | D:6      | Found a burning altar of Makhleb.
  3296 | D:6      | Found a snail-covered altar of Cheibriados.
  3301 | D:6      | Reached skill level 5 in Armour
  3335 | D:6      | Reached skill level 9 in Ranged Weapons
  3335 | D:6      | Reached XP level 9. HP: 38/48 MP: 10/10
  3497 | D:6      | Reached skill level 10 in Ranged Weapons
  3647 | D:6      | Noticed Grinder
  3650 | D:6      | Killed Grinder
  3687 | D:6      | Found a runed translucent door.
  3688 | D:6      | Noticed Crazy Yiuf
  4016 | D:6      | Killed Crazy Yiuf
  4144 | D:7      | Found Jaboiff's Tiny Tomes.
  4369 | D:7      | Reached ** piety under Hepliaklqana
  4371 | D:7      | Remembered your ancestor Iltani as a knight
  4403 | D:7      | Reached XP level 10. HP: 54/54 MP: 11/11
  4416 | D:7      | Reached skill level 11 in Ranged Weapons
  4554 | D:7      | Found an iron altar of Okawaru.
  4919 | D:8      | Found a glowing golden altar of the Shining One.
  5007 | D:8      | Found Ustur's Weapon Shoppe.
  5036 | D:8      | Found Isaseopu's Weapon Boutique.
  5135 | D:8      | Found a staircase to the Lair.
  5366 | D:8      | Found Tytedyrgh's Antique Armour Emporium.
  5374 | D:8      | Bought a faintly humming leather armour for 231 gold pieces
  5374 | D:8      | Identified the +1 leather armour "Bock" {Int-2 Dex+7} (You
                  | bought it in a shop on level 8 of the Dungeon)
  5639 | Lair:1   | Entered Level 1 of the Lair of Beasts
  5687 | Lair:1   | Reached skill level 12 in Ranged Weapons
  5692 | Lair:1   | Reached XP level 11. HP: 60/60 MP: 12/12
  5712 | Lair:1   | Found a runed translucent door.
  5713 | Lair:1   | Noticed a fire crab
  5714 | Lair:1   | Noticed Ofeo's ghost (journeyman DrSh)
  5819 | Lair:1   | Noticed Amaemon
  5822 | Lair:1   | Killed Amaemon
  5962 | Lair:1   | Reached *** piety under Hepliaklqana
  5967 | Lair:1   | Noticed Nergalle
  5968 | Lair:1   | Reached skill level 13 in Ranged Weapons
  5977 | Lair:1   | Killed Nergalle
  6507 | Lair:2   | Found a dark tunnel.
  6528 | Volcano  | Entered a volcano
  6559 | Volcano  | Noticed a sun demon
  6563 | Volcano  | Killed a sun demon
  6577 | Volcano  | Reached XP level 12. HP: 53/67 MP: 13/13
  6624 | Volcano  | Noticed a sun demon
  6627 | Volcano  | Killed a sun demon
  6644 | Volcano  | Noticed a sun demon
  6653 | Volcano  | Killed a sun demon
  6654 | Volcano  | Reached skill level 14 in Ranged Weapons
  6663 | Volcano  | Noticed a fire dragon
  6663 | Volcano  | Noticed a sun demon
  6668 | Volcano  | Killed a sun demon
  6683 | Volcano  | Killed from afar by a fire dragon

Illustrated notes

Levels and vault maps discovered:
D:1:      kilobyte_arrival_exit_the_forest, layout_rooms, grunt_decor_clamped
D:2:      layout_basic, nicolae_the_louvre, uniq_terence
D:3:      layout_basic, gammafunk_temple_overflow_elements
D:4:      layout_loops_ring, overflow_temple_1_default, zin_scriptorium,
          minmay_temple_entry_hall
D:5:      layout_cave_pools, lemuel_tele_altar, yredelemnul_altar_generic,
          serial_shops, nicolae_diamond_shop, uniq_pikel, uniq_sigmund,
          uniq_blork_the_orc, uniq_ijyb
D:6:      layout_loops_ring, lightli_temple_of_fire, mainiacjoe_overflow_paths,
          minmay_ruffians, uniq_grinder, uniq_crazy_yiuf_cottage
D:7:      layout_loops_cross, mainiacjoe_overflow_tiny_flanked,
          dreamdust_wishing_well, nicolae_shop_i_like_small_books_too
D:8:      layout_basic, tso_metal_star, due_lair_maze_entry_diamond,
          serial_shops, nicolae_shop_crystal, shop,
          nicolae_shop_bloodbath_and_beyond
Temple:   jpeg_temple_clearing
Lair:1:   layout_gridlike, ebering_ghost_inner_flame, pond, uniq_nergalle,
          uniq_amaemon
Lair:2:   layout_regular_city, enter_volcano_1, uniq_maggie
Volcano:  hellmonk_smoking_crater

Skill      XL: |  1  2  3  4  5  6  7  8  9 10 11 12 |
---------------+-------------------------------------+-----
Ranged Weapons | 5 6 8 9 10 12 13 14 | 14.0
Armour         | 1 2 3 4 5 6 7 9 |  9.5
Dodging        | 3 4 5 7 8 9 |  9.9
Fighting       | 3 4 5 6 7 8 9 |  9.1
Stealth        | |  1.0

Action                     |  1- 3 |  4- 6 |  7- 9 | 10-12 || total
---------------------------+-------+-------+-------+-------++-------
  Melee: Sling             |       |       |     1 |     2 ||     3
         Peck              |       |       |       |     1 ||     1
   Fire: Shortbow          |    40 |       |       |       ||    40
         Orcbow            |    15 |       |       |       ||    15
         Sling             |     7 |    83 |   124 |   224 ||   438
 Invoke: Ancestor Life: Kn |       |       |     1 |       ||     1
    Use: Scroll            |       |     7 |     4 |     6 ||    17
         Potion            |       |       |     2 |       ||     2
 Armour: Leather armour    |     3 |     2 |       |    11 ||    16
         Robe              |       |       |     4 |     3 ||     7
  Dodge: Dodged            |     1 |    28 |    40 |   117 ||   186

Table legend: (Time is in decaauts)
 A = Elapsed time spent in this place.
 B = Non-inter-level travel time spent in this place.
 C = Inter-level travel time spent in this place.
 D = Time resting spent in this place.
 E = Time spent auto-exploring this place.
 F = Levels seen in this place.
 G = Mean time per level.
                   A        B        C        D        E       F      G
               +--------+--------+--------+--------+--------+-----+--------+
         Total |   6751 |   6439 |    312 |    316 |   4731 |  12 |  562.6 |
       Dungeon |   5659 |   5384 |    275 |    297 |   4017 |   8 |  707.4 |
        Temple |     27 |     15 |     12 |      0 |      0 |   1 |   27.0 |
          Lair |    908 |    884 |     24 |     19 |    637 |   2 |  454.0 |
       Volcano |    156 |    156 |      0 |      0 |     77 |   1 |  156.0 |
               +--------+--------+--------+--------+--------+-----+--------+

Top non-repeatable levels by time:
     D:6: 974 daAuts
  Lair:1: 856 daAuts
     D:7: 820 daAuts
     D:2: 768 daAuts
     D:8: 761 daAuts
     D:1: 748 daAuts
     D:4: 603 daAuts
     D:5: 492 daAuts
     D:3: 489 daAuts
 Volcano: 156 daAuts
  Lair:2: 52 daAuts
  Temple: 27 daAuts
